 Dungeon Crawl Stone Soup version 0.30-a0-168-g0b976cbdc4 (webtiles) character file.

Game seed: 460422414622354894

671 NinjaNoafa the Anamnesiscian (level 7, 0/49 HPs)
             Began as a Demonspawn Gladiator on Sept 28, 2022.
             Was an Elder of Hepliaklqana.
             Killed from afar by an orc wizard (6 damage)
             ... with a magic dart
             ... on level 5 of the Dungeon on Sept 29, 2022.
             The game lasted 00:09:36 (3522 turns).

NinjaNoafa the Anamnesiscian (Demonspawn Gladiator) Turns: 3522, Time: 00:09:36

Health: 0/49       AC:  8    Str: 14    XL:     7   Next: 32%
Magic:  10/10      EV: 12    Int: 12    God:    Hepliaklqana [****..]
Gold:   212        SH:  0    Dex: 14    Spells: 10/10 levels left

rFire   . . .      SeeInvis .    a - +0 quarterstaff
rCold   . . .      Faith    +    (shield currently unavailable)
rNeg    . . .      Spirit   .    b - +0 leather armour
rPois   .          Reflect  .    c - +0 helmet
rElec   .          Harm     .    i - +0 cloak
rCorr   .          Rampage  .    z - +0 pair of gloves
Will    .....                    (no boots)
Stlth   +.........               m - amulet of faith
HPRegen 0.16/turn                (no ring)
MPRegen 0.12/turn                (no ring)

@: no status effects
A: reduced essence, rugged brown scales 2, powered by death 1, demonic magic 1
a: Renounce Religion, Recall Ancestor, Ancestor Identity, Transference, Idealise


You were on level 5 of the Dungeon.
You worshipped Hepliaklqana.
Hepliaklqana was greatly pleased with you.
You visited 2 branches of the dungeon, and saw 6 of its levels.

You collected 224 gold pieces.
You spent 12 gold pieces at shops.

Inventory:

Hand Weapons
 a - a +0 quarterstaff (weapon)
Missiles
 d - a throwing net (quivered)
 f - 33 stones
 k - 5 poisoned darts
Armour
 b - a +0 leather armour (worn)
 c - a +0 helmet (worn)
 i - a +0 cloak (worn)
 z - a +0 pair of gloves (worn)
Jewellery
 m - an amulet of faith (around neck)
Wands
 g - a wand of roots (4)
Scrolls
 h - a scroll of torment
 j - a scroll of teleportation {unknown}
 o - 3 scrolls of identify {unknown}
 p - a scroll of poison {unknown}
 q - a scroll of enchant armour {unknown}
 s - a scroll of noise
 u - a scroll of enchant weapon {unknown}
Potions
 e - 3 potions of curing {unknown}
 l - 2 potions of heal wounds {unknown}
 n - a potion of haste {unknown}
 t - a potion of cancellation {unknown}
 v - a potion of magic {unknown}
 w - a potion of degeneration {unknown}
 x - a potion of attraction {unknown}


   Skills:
 - Level 3.0 Fighting
 - Level 3.0 Staves
 + Level 3.8 Throwing
 - Level 3.0 Dodging
 - Level 2.0 Spellcasting
 + Level 3.6 Translocations
 - Level 5.0 Invocations


You had 10 spell levels left.
You didn't know any spells.
Your spell library contained the following spells:

 Spells                   Type           Power      Damage    Failure   Level
 Apportation              Tloc           20%        N/A       8%          1
 Gell's Gravitas          Tloc           10%        N/A       22%         3
 Lesser Beckoning         Tloc           10%        N/A       22%         3
 Teleport Other           Tloc           10%        N/A       22%         3
 Slow                     Hex            4%         N/A       34%         1
 Confusing Touch          Hex            1%         N/A       71%         3
 Vampiric Draining        Necr           1%         2d6       71%         3
 Alistair's Intoxication  Tmut/Pois      0%         N/A       100%        5
 Chain Lightning          Conj/Air       0%         2d1       100%        9
 Fire Storm               Conj/Fire      0%         6d1       100%        9
 Shatter                  Erth           0%         3d5*      100%        9


Dungeon Overview and Level Annotations

Branches:
Dungeon (5/15)             Temple (1/1) D:5

Altars:
Cheibriados
Fedhas
Gozag
Hepliaklqana
Kikubaaqudgha
Makhleb
Okawaru
Ru
Sif Muna
Trog
Vehumet
Xom

Shops:
D:3 *:[


Innate Abilities, Weirdness & Mutations

Your life essence is reduced to manifest your ancestor. (-10% HP)
You are mostly covered in rugged brown scales. (AC +2, +5% HP)
You regenerate a little health from kills.
Spells you cast may paralyse adjacent enemies.


Message History

You hear a shout! x2
An orc wizard comes into view. It is wielding a +0 dagger.
You hear a shout!
You see here 9 gold pieces.
An orc priest comes into view. It is wielding a +0 whip.
Found a stone staircase leading up.
The orc priest shouts!
The orc priest moves out of view.
An orc priest, 2 orcs and an orc wizard come into view.
The orc priest shouts!
The orc shouts!
The orc wizard shouts!
An orc priest comes into view. It is wielding a +0 short sword.
The orc barely misses you.
You barely miss the orc.
The orc is almost dead.
The orc hits you but does no damage.
You closely miss the orc.
The orc is severely wounded.
The orc closely misses you.
The orc wizard mumbles some strange words.
The orc wizard flickers and vanishes!
Deactivating autopickup; reactivate with Ctrl-A.
The orc priest mumbles some strange prayers to Beogh against you.
Pain shoots through your body! The orc hits you but does no damage.
An orc wizard comes into view. It is wielding a +0 dagger.
As you read the scroll labelled EREOSI FADGH, it crumbles to dust.
Your body is wracked with pain!
Something is bathed in an unholy light!
The orc convulses!
The orc priest convulses!
The orc convulses!
The orc priest convulses! x2; The orc wizard convulses! x2
It was a scroll of torment.
The orc wizard mumbles some strange words.
The orc wizard flickers and vanishes!
The orc priest calls down the wrath of Beogh upon you.
Beogh smites you!
* * * LOW HITPOINT WARNING * * *
The orc hits you with a +0 club.
* * * LOW HITPOINT WARNING * * *
You hear some strange, mumbled words.
A magic dart appears from out of thin air!
The magic dart hits you.
You die...

##... {####...<
...o..... #o...(.#
#..oo..# .#....o.##
.....o{o.# ######## #@#
#......# #R# #.####.#
#$# ##...##.###### #.#
#.###.#.##...# #.# #.#
#........# #.#####
#.###.#.##...###.#...#
##...##.###..........###
.#..###.# ####.........#


You could see the friendly Janet the knight, 3 orc priests, an orc wizard and 3
orcs.

Vanquished Creatures
  Sigmund (D:2)
  An ice beast (D:5)
  A phantom (D:4)
  Blork the orc (D:4)
  An orc priest (D:5)
  An orc wizard (D:5)
  An adder (D:3)
  3 worms
  A dart slug (D:3)
  4 orcs
  3 ball pythons
  An endoplasm (D:4)
  2 giant cockroaches
  5 goblins
  3 hobgoblins
  2 jackals (D:2)
  5 kobolds
  2 quokkas (D:1)
  A bat (D:1)
  3 frilled lizards
  4 rats
46 creatures vanquished.

Vanquished Creatures (collateral kills)
  A hound (D:5)
  4 orc wizards
  8 orcs
  2 ball pythons
  2 endoplasms (D:3)
  A jackal (D:2)
  A frilled lizard (D:1)
  A rat (D:2)
20 creatures vanquished.

Vanquished Creatures (others)
  A fungus (D:1)
1 creature vanquished.

Grand Total: 67 creatures vanquished

Notes
Turn   | Place    | Note
-------+----------+-------------------------------------------
     0 | D:1      | NinjaNoafa the Demonspawn Gladiator began the quest for the
                  | Orb.
     0 | D:1      | Reached XP level 1. HP: 16/16 MP: 1/1
   278 | D:1      | Gained mutation: You regenerate a little health from kills.
                  | [demonic ancestry]
   278 | D:1      | Reached XP level 2. HP: 22/22 MP: 2/2
   454 | D:1      | Found a faded altar of an unknown god.
   460 | D:1      | Prayed at the altar of an unknown god.
   460 | D:1      | Became a worshipper of Hepliaklqana the Forgotten
   460 | D:1      | Reached * piety under Hepliaklqana
   914 | D:2      | Reached XP level 3. HP: 25/25 MP: 3/3
   928 | D:2      | Noticed Sigmund
   942 | D:2      | Killed Sigmund
   943 | D:2      | Reached skill level 4 in Invocations
   943 | D:2      | Gained mutation: You are partially covered in rugged brown
                  | scales. (AC +1, +3% HP) [demonic ancestry]
   943 | D:2      | Reached XP level 4. HP: 15/32 MP: 3/7
   943 | D:2      | Gained mutation: Spells you cast may paralyse adjacent
                  | enemies. [demonic ancestry]
   943 | D:2      | Reached XP level 5. HP: 18/38 MP: 3/8
  1482 | D:2      | Reached ** piety under Hepliaklqana
  1483 | D:2      | Remembered your ancestor Janet as a knight
  1658 | D:3      | Found Vixubygaciu's General Store.
  1666 | D:3      | Bought a scroll of noise for 12 gold pieces
  1698 | D:3      | Reached skill level 5 in Invocations
  1775 | D:3      | Reached skill level 1 in Translocations
  1776 | D:3      | Reached skill level 1 in Spellcasting
  1776 | D:3      | Gained mutation: You are mostly covered in rugged brown
                  | scales. (AC +2, +5% HP) [demonic ancestry]
  1776 | D:3      | Reached XP level 6. HP: 30/44 MP: 9/9
  1785 | D:3      | Upgraded the game from 0.30-a0-165-g1891117ce2 to
                  | 0.30-a0-168-g0b976cbdc4
  1815 | D:3      | Found Zopee's Antique Armour Shoppe.
  1823 | D:3      | Found Bom Siec's Vocational Training.
  2468 | D:3      | Reached *** piety under Hepliaklqana
  2643 | D:4      | Noticed Blork the orc
  2651 | D:4      | Killed Blork the orc
  2793 | D:4      | Reached **** piety under Hepliaklqana
  3362 | D:5      | Entered Level 5 of the Dungeon
  3380 | D:5      | Noticed an ice beast
  3386 | D:5      | Reached XP level 7. HP: 30/49 MP: 10/10
  3414 | D:5      | Found a staircase to the Ecumenical Temple.
  3420 | Temple   | Entered the Ecumenical Temple
  3522 | D:5      | Killed from afar by an orc wizard

Illustrated notes

Levels and vault maps discovered:
D:1:      heliophobic_arrival_enchanted_forest, layout_loops_ring,
          shapermc_ecumenical_altar_acropolis
D:2:      layout_rooms, serial_curves, eino_curves_04, eino_curves_02,
          eino_curves_02, uniq_sigmund
D:3:      layout_basic, serial_shops, shop, shop_fountains, serial_corexii_hall,
          corexii_hall_statues_x, corexii_hall_statues_i,
          chequers_hall_statues_y, chequers_hall_statues_corner_a,
          corexii_item_surrounded_by_moat, nicolae_shop_vocational
D:4:      layout_gridville, uniq_blork_the_orc
D:5:      layout_loops_corners, dk_yredelemnul_ordeal,
          minmay_temple_entry_purple_smoke
Temple:   hellmonk_temple_two_chambers

Skill      XL: |  1  2  3  4  5  6 |
---------------+-------------------+-----
Throwing       | 2 3 |  3.8
Staves         | 3 |  3.0
Dodging        | 3 |  3.0
Fighting       | 3 |  3.0
Invocations    | 4 5 |  5.0
Translocations | 1 3 |  3.6
Spellcasting   | 1 2 |  2.0

Action                   |  1- 3 |  4- 6 |  7- 9 || total
-------------------------+-------+-------+-------++-------
Melee: Quarterstaff      |    63 |    56 |     8 ||   127
Throw: Javelin           |    13 |    18 |     1 ||    32
       Throwing net      |     2 |     1 |       ||     3
       Dart              |       |     4 |       ||     4
Invok: Ancestor Identity |     1 |       |       ||     1
       Ancestor Life: Kn |       |     1 |       ||     1
  Use: Potion            |       |     1 |       ||     1
       Scroll            |       |       |     1 ||     1
Armor: Leather armour    |    28 |    28 |     3 ||    59
Dodge: Dodged            |    33 |    45 |     8 ||    86

Table legend: (Time is in decaauts)
 A = Elapsed time spent in this place.
 B = Non-inter-level travel time spent in this place.
 C = Inter-level travel time spent in this place.
 D = Time resting spent in this place.
 E = Time spent auto-exploring this place.
 F = Levels seen in this place.
 G = Mean time per level.
                   A        B        C        D        E       F      G
               +--------+--------+--------+--------+--------+-----+--------+
         Total |   3553 |   3439 |    114 |      0 |   2878 |   6 |  592.2 |
       Dungeon |   3535 |   3425 |    110 |      0 |   2868 |   5 |  707.0 |
        Temple |     17 |     13 |      4 |      0 |     10 |   1 |   17.0 |
               +--------+--------+--------+--------+--------+-----+--------+

Top non-repeatable levels by time:
     D:3: 963 daAuts
     D:4: 864 daAuts
     D:2: 837 daAuts
     D:1: 724 daAuts
     D:5: 144 daAuts
  Temple: 17 daAuts
